 Dungeon Crawl Stone Soup version 0.31-a0-1074-g0b22e4e0f1 (webtiles) character file.

Game seed: 17230787401586944514

232 javelincjr the Changeling (level 5, -9/37 HPs)
             Began as a Demonspawn Shapeshifter on Nov 29, 2023.
             Was an Initiate of Trog.
             Mangled by a wyvern (10 damage)
             ... on level 4 of the Dungeon.
             The game lasted 00:08:27 (3085 turns).

javelincjr the Changeling (Demonspawn Shapeshifter) Turns: 3085, Time: 00:08:27

Health: -9/37      AC:  2    Str: 16    XL:     5   Next: 73%
Magic:  5/5        EV: 12    Int: 12    God:    Trog [......]
Gold:   173        SH:  0    Dex: 12    Spells: 4/4 levels left

rFire   . .          .
                       - Unarmed
rCold   . . .        (no shield)
rNeg    . . .        a - +0 animal skin
rPois   .            (helmet currently unavailable)
rElec   .            (cloak currently unavailable)
rCorr   .            (gloves currently unavailable)
SInv    .            (boots currently unavailable)
Will    +....        (no amulet)
Stlth   +            o - ring of willpower
HPRegen 0.26/turn    (no ring)
MPRegen 0.09/turn

%: no passive effects
@: beast-form
A: beast (slay +3), antennae 1, weakness stinger 2, demonic touch 1
a: Begin Untransformation, Renounce Religion


You were on level 4 of the Dungeon.
You worshipped Trog.
Trog was noncommittal.
You were a hulking beast.
You visited 2 branches of the dungeon, and saw 5 of its levels.

You collected 173 gold pieces.

Inventory:

Missiles
 i - 4 poisoned darts
Armour
 a - a +0 animal skin (worn)
 s - a scarf of resistance
Jewellery
 o - a ring of willpower (left hand)
 u - a ring of fire
Talismans
 c - a beast talisman
 d - a flux talisman
 v - a storm talisman
Wands
 p - a wand of flame (31)
Scrolls
 h - a scroll of blinking
 k - 2 scrolls of poison
 l - 2 scrolls of teleportation
 r - a scroll of enchant weapon {unknown}
 t - a scroll of fear {unknown}
 w - a scroll of noise {unknown}
Potions
 b - a potion of lignification
 f - a potion of invisibility
 g - 2 potions of curing
 j - a potion of heal wounds {unknown}
 m - a potion of berserk rage {unknown}


   Skills:
 - Level 1.0 Fighting
 - Level 2.0 Dodging
 - Level 3.0 Unarmed Combat
 * Level 5.3 Shapeshifting


You had 4 spell levels left.
You didn't know any spells.
Your spell library contained the following spells:

 Spells                   Type           Power      Damage    Failure   Level
 Magic Dart               Conj           0%         1d3       32%         1
 Call Imp                 Summ           0%         N/A       45%         2
 Gell's Gravitas          Tloc           0%         N/A       69%         3
 Mephitic Cloud           Conj/Pois/Air  0%         N/A       69%         3
 Teleport Other           Tloc           0%         N/A       69%         3
 Iskenderun's Battlesphe  Conj           0%         2d6       100%        5
 Bombard                  Conj/Erth      0%         9d1       100%        6
 Dispersal                Tloc           0%         N/A       100%        6
 Spellforged Servitor     Conj/Summ      0%         N/A       100%        7


Dungeon Overview and Level Annotations

Branches:
Dungeon (4/15)             Temple (1/1) D:4

Altars:
Ashenzari
Cheibriados
Dithmenos
Fedhas
Gozag
Hepliaklqana
Nemelex Xobeh
Okawaru
Ru
Sif Muna
Trog
Uskayaw
Vehumet
Wu Jian
Xom
Yredelemnul

Annotations:
Temple 1 transporter


Innate Abilities, Weirdness & Mutations

You are a hulking beast.
Your limbs bulge with bestial killing power. (Slay +3)
You have a pair of small antennae on your head.
You have a tail ending in a sharp stinger.
Your touch may inflict minor irresistible damage on your foes.


Message History

There is an open door here.
There is an open door here.
You open the door.
There is an open door here.
There is an open door here.
You open the door.
There is an open door here.
An endoplasm comes into view.
Found a scroll of silence.
The endoplasm quivers.
Found a sling.
The endoplasm hits you.
You hit the endoplasm.
You kill the endoplasm!
Trog accepts your kill.
No target in view!
A wyvern comes into view.
The wyvern hisses angrily.
You closely miss the wyvern. The wyvern closely misses you.
You hit the wyvern but do no damage.
Your tail-slap misses the wyvern.
You touch the wyvern!
The wyvern is moderately wounded.
The wyvern closely misses you. The wyvern barely misses you.
You closely miss the wyvern.
Your tail-slap misses the wyvern.
The wyvern is moderately wounded.
The wyvern closely misses you.
You closely miss the wyvern.
The wyvern is moderately wounded.
The wyvern closely misses you. The wyvern barely misses you.
You barely miss the wyvern. Your touch misses the wyvern.
The wyvern is moderately wounded.
The wyvern bites you.
You closely miss the wyvern.
The wyvern is moderately wounded.
The wyvern bites you! x2
* * * LOW HITPOINT WARNING * * *
You hit the wyvern.
Your tail-slap misses the wyvern.
The wyvern is moderately wounded.
The wyvern bites you!
You die...

#.............'....
#.............#....
####'########'#....
#.......[..........
#..................
#........<.........
#..................
###+###..................
#......lh................
#......#+############....
#......+ .... #......#
.... #######......# ..
......?......#
.............#
.............#
........)....#


You could see a wyvern.

Vanquished Creatures
  A phantom (D:4)
  A sleepcap (D:2)
  8 adders
  An orc (D:3)
  4 ball pythons
  10 endoplasms
  5 giant cockroaches
  4 goblins
  4 hobgoblins
  4 jackals (D:2)
  9 kobolds
  A quokka (D:2)
  3 bats
  2 frilled lizards (D:2)
  2 rats (D:2)
59 creatures vanquished.

Notes
Turn   | Place    | Note
-------+----------+-------------------------------------------
     0 | D:1      | javelincjr the Demonspawn Shapeshifter began the quest for
                  | the Orb.
     0 | D:1      | Reached XP level 1. HP: 15/15 MP: 1/1
   228 | D:1      | Discovered your monstrous ancestry.
   228 | D:1      | Gained mutation: You have a small tail. [demonic ancestry]
   228 | D:1      | Reached XP level 2. HP: 21/21 MP: 2/2
   274 | D:1      | Reached skill level 3 in Shapeshifting
  1011 | D:2      | Gained mutation: Your touch may inflict minor irresistible
                  | damage on your foes. [demonic ancestry]
  1011 | D:2      | Reached XP level 3. HP: 25/26 MP: 3/3
  1305 | D:2      | Reached skill level 4 in Shapeshifting
  1305 | D:2      | Gained mutation: You have a pair of small antennae on your
                  | head. [demonic ancestry]
  1305 | D:2      | Reached XP level 4. HP: 29/32 MP: 4/4
  2052 | D:3      | Gained mutation: You have a tail ending in a sharp stinger.
                  | [demonic ancestry]
  2052 | D:3      | Reached XP level 5. HP: 27/37 MP: 5/5
  2689 | D:4      | Noticed an ogre
  2848 | D:4      | Found a staircase to the Ecumenical Temple.
  2864 | Temple   | Found a transporter.
  2864 | Temple   | Found a transporter.
  2864 | Temple   | Found a transporter.
  2864 | Temple   | Found a transporter.
  2864 | Temple   | Entered the Ecumenical Temple
  2880 | Temple   | Became a worshipper of Trog the Wrathful
  2942 | D:4      | Noticed a phantom
  2957 | D:4      | Killed a phantom
  2958 | D:4      | Reached skill level 5 in Shapeshifting
  3071 | D:4      | Noticed a wyvern
  3084 | D:4      | HP: 1/37 [wyvern (17)]
  3085 | D:4      | Mangled by a wyvern

Illustrated notes

Levels and vault maps discovered:
D:1:      dpeg_arrival_tiny_a, layout_loops_corners, minmay_pentomino_o4
D:2:      layout_loops_cross, basic_altar, chequers_serial_rivers_micro_d,
          minmay_3d_cube
D:3:      layout_basic, kennysheep_generic_room_6
D:4:      layout_gridville, nicolae_kikubaaqudgha_miasma_corner,
          minmay_temple_entry_drinking_statues, kennysheep_generic_room_11
Temple:   hellmonk_temple_divided_pantheon

Skill      XL: |  1  2  3  4  5 |
---------------+----------------+-----
Dodging        | 2 |  2.0
Shapeshifting  | 3 4 5 |  5.3
Unarmed Combat | 3 |  3.0
Fighting       | |  1.0

Action                     |  1- 3 |  4- 6 || total
---------------------------+-------+-------++-------
  Melee: Unarmed           |    74 |    56 ||   130
         Tailslap          |     5 |    10 ||    15
         Touch             |     7 |    11 ||    18
         Punch             |       |     1 ||     1
    Use: Scroll            |       |     7 ||     7
   Stab: Sleeping          |     1 |       ||     1
 Armour: Animal skin       |    28 |    27 ||    55
  Dodge: Dodged            |    40 |    32 ||    72

Table legend: (Time is in decaauts)
 A = Elapsed time spent in this place.
 B = Non-inter-level travel time spent in this place.
 C = Inter-level travel time spent in this place.
 D = Time resting spent in this place.
 E = Time spent auto-exploring this place.
 F = Levels seen in this place.
 G = Mean time per level.
                   A        B        C        D        E       F      G
               +--------+--------+--------+--------+--------+-----+--------+
         Total |   3076 |   2946 |    130 |      0 |   2468 |   5 |  615.2 |
       Dungeon |   3023 |   2900 |    123 |      0 |   2468 |   4 |  755.8 |
        Temple |     52 |     45 |      7 |      0 |      0 |   1 |   52.0 |
               +--------+--------+--------+--------+--------+-----+--------+

Top non-repeatable levels by time:
     D:3: 1037 daAuts
     D:1: 931 daAuts
     D:2: 744 daAuts
     D:4: 309 daAuts
  Temple: 52 daAuts
